 Dungeon Crawl Stone Soup version 0.25.1-2-g60ff931df9 (webtiles) character file.

Game seed: 14692491502587671707

3245 Acheron the Conjurer (level 9, -11/72 HPs)
             Began as a Green Draconian Conjurer on Aug 20, 2020.
             Was a Believer of Vehumet.
             Mangled by a spiny frog (20 damage)
             ... on level 1 of the Lair of Beasts.
             The game lasted 01:12:39 (12496 turns).

Acheron the Conjurer (Green Draconian Conjurer)    Turns: 12496, Time: 01:12:39

Health: -11/72     AC:  9    Str: 10    XL:     9   Next: 67%
Magic:  10/15      EV: 14    Int: 18    God:    Vehumet [**....]
Gold:   464        SH:  0    Dex: 13    Spells: 5/17 levels left

rFire    . . .     SeeInvis .   w - +3 war axe
rCold    . . .     Gourm    .   (no shield)
rNeg     . . .     Faith    .   (armour unavailable)
rPois    +         Spirit   .   (helmet restricted)
rElec    .         Reflect  .   (no cloak)
rCorr    .         Harm     .   (no gloves)
MR       .....                  y - +1 pair of boots
Stlth    +++.......             (no amulet)
HPRegen  0.22/turn              (no ring)
MPRegen  0.14/turn              (no ring)

@: no status effects
A: breathe noxious fumes, unfitting armour, poison resistance, cold-blooded, AC
+7
a: Breathe Noxious Fumes, Renounce Religion


You were on level 1 of the Lair of Beasts.
You worshipped Vehumet.
Vehumet was pleased with you.
You were hungry.

You visited 2 branches of the dungeon, and saw 11 of its levels.
You also visited: Sewer and Ossuary.

You collected 488 gold pieces.
You spent 24 gold pieces at shops.

Inventory:

Hand Weapons
 d - a +1 short sword of holy wrath
 s - a +2 spear of flaming
 t - a +3 hunting sling of flaming
 w - a +3 war axe (weapon)
 x - a +2 trident of venom
 C - a +0 halberd
Missiles
 h - 42 sling bullets
 i - 234 stones (quivered)
 p - 27 poisoned darts
Armour
 y - a +1 pair of boots (worn)
Jewellery
 f - an uncursed amulet of faith
 k - an uncursed ring of ice {unknown}
Scrolls
 a - a scroll of fog
 g - a scroll of remove curse
 r - a scroll of amnesia
 u - a scroll of blinking
 D - a scroll of magic mapping
 E - a scroll of identify
Potions
 c - a potion of curing
 e - a potion of brilliance {unknown}
 j - a potion of heal wounds {unknown}
 l - a potion of haste
 m - 2 potions of magic
 n - 2 potions of invisibility {unknown}
 q - a potion of ambrosia {unknown}
 z - a potion of stabbing {unknown}
 A - 2 potions of berserk rage {unknown}
 B - a potion of flight {unknown}
 F - 2 potions of resistance
 G - 3 potions of mutation
Comestibles
 b - 13 rations
 v - 3 chunks of flesh


   Skills:
 * Level 4.6 Fighting
 + Level 0.3 Short Blades
 * Level 5.9 Axes
   Level 0.6(3.7) Maces & Flails
 * Level 2.3(2.5) Slings
 + Level 1.1(1.9) Throwing
 * Level 4.4 Dodging
 * Level 4.0 Stealth
 + Level 0.8 Unarmed Combat
 * Level 4.6 Spellcasting
 * Level 6.2 Conjurations
 * Level 3.1 Hexes
 * Level 3.1 Translocations
 * Level 2.3 Fire Magic
 * Level 1.6 Air Magic


You had 5 spell levels left.
You knew the following spells:

 Your Spells              Type           Power        Failure   Level  Hunger
a - Magic Dart            Conj           ####         1%          1    None
b - Searing Ray           Conj           ####..       1%          2    #......
c - Dazzling Flash        Conj/Hex       ###...       6%          3    ###....
d - Iskenderun's Mystic   Conj/Tloc      ###.....     21%         4    ####...
e - Foxfire               Conj/Fire      ###.         2%          1    None
f - Shock                 Conj/Air       ###.         2%          1    None

Your spell library contained the following spells:

 Spells                   Type           Power        Failure   Level  Hunger
 Ignite Poison            Fire/Tmut/Pois #.......     30%         3    ###....
 Static Discharge         Conj/Air       ###.....     9%          3    ###....
 Freeze                   Ice            #...         14%         1    None
 Swiftness                Chrm/Air       #.......     16%         2    #......
 Fulminant Prism          Conj/Hex       ###.......   21%         4    ####...
 Summon Lightning Spire   Summ/Air       #.......     69%         4    ####...
 Ice Form                 Ice/Tmut       #.......     80%         4    ####...
 Freezing Cloud           Conj/Ice/Air   ##........   100%        6    #######


Dungeon Overview and Level Annotations

Branches:
Dungeon (9/15)               Lair (2/6) D:8          Spider (0/4) Lair:2
  Sewer (visited)         Ossuary (visited)
 Temple: D:4-7        Swamp: Lair:2-4    Shoals: Lair:2-4       Orc: D:9-12

Altars:
Vehumet
Xom

Shops:
D:8 *

Annotations:
D:4 Menkaure
D:6 1 runed translucent door, exclusion: downstairs, icedog's ghost, novice MiHu
D:7 Joseph


Innate Abilities, Weirdness & Mutations

You can breathe blasts of noxious fumes.
Your lurid green scales are hard. (AC +7)
You cannot fit into any form of body armour.
Your system is resistant to poisons. (rPois)
You are cold-blooded and may be slowed by cold attacks.


Message History

Aiming: Searing Ray (safe; 1% risk of failure)
Press: ? - help, Shift-Dir - straight line, f - spiny frog
Aim: a spiny frog (lightly wounded)
The searing ray hits the spiny frog!
The spiny frog is moderately wounded. (Press . to maintain the ray.)
You are feeling hungry.
The spiny frog stings you! x2
* * * LOW HITPOINT WARNING * * *
The searing ray hits the spiny frog.
The spiny frog is heavily wounded.
The spiny frog stings you!
* * * LOW HITPOINT WARNING * * *
The searing ray hits the spiny frog.
The spiny frog is severely wounded.
The spiny frog closely misses you.
The searing ray hits the spiny frog.
The spiny frog is severely wounded.
You finish channeling your searing ray.
The spiny frog stings you!!
You die...

#.........##
#.......>..#
#.......รท.##
#..........#
##.........##
#..........#
###.......##
####F......#
#..@........#
#..............
P................
................
................
....###........#
..## ##.......#
## .......


You could see a spiny frog.

Vanquished Creatures
  2 hippogriffs
  2 yaks (Lair:2)
  2 water moccasins
  2 sky beasts
  A phantom (D:7)
  An ogre (D:7)
  2 centaurs
  A crocodile (D:8)
  A big kobold (D:8)
  6 bullfrogs
  3 water moccasin zombies (Ossuary)
  2 scorpions
  4 wights (D:8)
  A crimson imp (D:6)
  An orc priest (D:7)
  A bullfrog skeleton (D:5)
  3 hounds
  A jelly (D:7)
  A centaur skeleton (D:6)
  An iguana (D:8)
  3 orc wizards
  3 worker ants
  A killer bee zombie (D:6)
  3 big kobold zombies (Ossuary)
  2 mummies (Ossuary)
  3 gnolls
  12 adders
  3 shadow imps (D:6)
  10 oozes
  3 adder zombies (Ossuary)
  2 adder skeletons (D:7)
  2 worms
  14 leopard geckos
  13 orcs
  13 ball pythons
  18 giant cockroaches
  10 goblins
  6 hobgoblins
  12 jackals
  11 kobolds
  2 quokkas
  10 bats
  8 frilled lizards
  6 gnoll zombies (Ossuary)
  5 hobgoblin zombies (Ossuary)
  A jackal skeleton (D:6)
  A jackal zombie (D:6)
  5 kobold zombies (Ossuary)
  4 orc zombies (Ossuary)
  10 rats
234 creatures vanquished.

Vanquished Creatures (others)
  8 bushes (D:8)
  4 fungi
12 creatures vanquished.

Grand Total: 246 creatures vanquished

Notes
Turn   | Place    | Note
-------+----------+-------------------------------------------
     0 | D:1      | Acheron the Draconian Conjurer began the quest for the Orb.
     0 | D:1      | Reached XP level 1. HP: 14/14 MP: 3/3
   377 | D:1      | Reached XP level 2. HP: 12/20 MP: 1/5
   581 | D:1      | Learned a level 2 spell: Searing Ray
  1337 | D:2      | Reached XP level 3. HP: 26/26 MP: 3/6
  1445 | D:2      | Reached skill level 1 in Fighting
  1644 | D:2      | Learned a level 3 spell: Dazzling Flash
  1889 | D:2      | Reached XP level 4. HP: 35/35 MP: 3/7
  2454 | D:3      | Found a glowing drain.
  2474 | Sewer    | Entered a sewer
  2736 | Sewer    | Reached XP level 5. HP: 41/41 MP: 1/8
  3656 | Sewer    | Learned a level 4 spell: Iskenderun's Mystic Blast
  4120 | D:2      | Found a radiant altar of Vehumet.
  4129 | D:2      | Became a worshipper of Vehumet
  4327 | D:4      | Noticed a phantom
  4998 | D:4      | Reached skill level 5 in Conjurations
  4998 | D:4      | Reached skill level 1 in Hexes
  4998 | D:4      | Reached XP level 6. HP: 38/48 MP: 5/10
  5090 | D:5      | Entered Level 5 of the Dungeon
  5120 | D:4      | Noticed Menkaure
  6396 | D:6      | Identified the Catalogue of Weightlessness and the
                  | Snowflakes
  6490 | D:6      | Reached skill level 1 in Translocations
  6540 | D:6      | HP: 2/49 [hound (4)]
  6541 | D:6      | Your scales start taking on a lurid green colour.
  6541 | D:6      | Reached XP level 7. HP: 3/56 MP: 9/12
  6541 | D:6      | Gained mutation: Your system is resistant to poisons.
                  | (rPois) [Green Draconian growth]
  6766 | D:6      | Found a sand-covered staircase.
  6773 | Ossuary  | Entered an ossuary
  7030 | Ossuary  | Reached skill level 1 in Axes
  7362 | Ossuary  | Reached skill level 1 in Throwing
  7577 | Ossuary  | Reached * piety under Vehumet
  7577 | Ossuary  | Offered knowledge of Foxfire by Vehumet.
  7720 | Ossuary  | Learned a level 1 spell: Foxfire
  8700 | D:6      | Reached XP level 8. HP: 47/63 MP: 13/13
  8807 | D:6      | Found a runed translucent door.
  8807 | D:6      | Found a shimmering altar of Xom.
  8807 | D:6      | Noticed icedog's ghost (novice MiHu)
  8808 | D:6      | Noticed a +2 hand axe of chaos
  9295 | D:7      | Reached skill level 1 in Slings
  9295 | D:7      | Reached skill level 1 in Fire Magic
  9969 | D:7      | Offered knowledge of Shock by Vehumet.
 10015 | D:7      | Learned a level 1 spell: Shock
 10099 | D:8      | Reached ** piety under Vehumet
 10251 | D:7      | Noticed Joseph
 10297 | D:8      | Found Ideicerch's General Store.
 10300 | D:8      | Bought a scroll of fog for 24 gold pieces
 10451 | D:8      | Noticed a hippogriff
 10653 | D:8      | Reached XP level 9. HP: 55/71 MP: 9/15
 11610 | D:8      | Reached skill level 5 in Axes
 11610 | D:8      | Reached skill level 6 in Conjurations
 11610 | D:8      | Reached skill level 1 in Air Magic
 11715 | D:9      | Found a shimmering altar of Xom.
 11732 | D:8      | Found a staircase to the Lair.
 11773 | Lair:1   | Entered Level 1 of the Lair of Beasts
 11777 | Lair:1   | Noticed a spiny frog
 12013 | Lair:1   | Noticed a spiny frog
 12016 | Lair:1   | Noticed a black mamba
 12070 | Lair:2   | Found a hole to the Spider Nest.
 12104 | Lair:2   | Noticed a six-headed hydra
 12288 | Lair:1   | Offered knowledge of Ignite Poison by Vehumet.
 12496 | Lair:1   | Mangled by a spiny frog

Illustrated notes

Levels and vault maps discovered:
D:1:      erik_arrival_orb_chamber, layout_loops_ring, minmay_small_reverse_x
D:2:      layout_rooms, nicolae_overflow_hidden_temple
D:3:      layout_loops_ring, portal_sewer_entry_f
D:4:      minmay_door_path, layout_basic, minmay_temple_entry_glassed_door,
          uniq_robin, uniq_menkaure
D:5:      layout_cave_pools, first_ration, serial_gnoll_camp,
          gnoll_camp_huts_moat, grums_kennel, gnoll_camp_mini_sergeant,
          gnoll_camp_mini_hut, gnoll_camp_mini_doghouse,
          gnoll_camp_mini_doghouse, uniq_blork_the_orc
D:6:      layout_basic, ebering_ghost_xom, enter_ossuary_4, grunt_ministairs_5,
          hangedman_abyss_or_decor_stagger
D:7:      layout_loops_corners, uniq_joseph
D:8:      layout_loops_cross, serial_shops, kennysheep_mini_moat,
          grunt_livestock, minmay_hedge_maze, minmay_door_square,
          minmay_checkerbox
D:9:      layout_loops_ring, basic_altar, uniq_maurice
Lair:1:   layout_hall_layers
Lair:2:   layout_loops_ring, elwin_shoals_entry_stream,
          spider_nest_entry_web_field, chequers_serial_rivers_micro_c

Skill      XL: |  1  2  3  4  5  6  7  8  9 |
---------------+----------------------------+-----
Stealth        | 2 3 4 |  4.0
Dodging        | 2 3 4 |  4.4
Fighting       | 1 2 3 4 |  4.6
Spellcasting   | 3 4 |  4.6
Conjurations   | 5 6 |  6.2
Hexes          | 1 2 3 |  3.1
Translocations | 1 2 3 |  3.1
Axes           | 3 4 5 |  5.9
Throwing       | 1 |  1.1
Slings         | 1 2 |  2.3
Fire Magic     | 1 2 |  2.3
Air Magic      | 1 |  1.6
Short Blades   | |  0.3
Maces & Flails | |  0.6
Unarmed Combat | |  0.8

Action                   |  1- 3 |  4- 6 |  7- 9 || total
-------------------------+-------+-------+-------++-------
Melee: Unarmed           |    17 |       |       ||    17
       Club              |    52 |    44 |       ||    96
       Tailslap          |     6 |    19 |    44 ||    69
       Dagger            |       |    48 |       ||    48
       War axe           |       |    61 |   393 ||   454
       Punch             |       |     1 |     1 ||     2
 Cast: Magic Dart        |    70 |   180 |    50 ||   300
       Searing Ray       |       |    14 |    40 ||    54
       Dazzling Flash    |       |     1 |       ||     1
  Use: Scroll            |     4 |     9 |    10 ||    23
       Potion            |       |     3 |     2 ||     5
 Stab: Sleeping          |       |     1 |     8 ||     9
       Distracted        |       |     1 |       ||     1
  Eat: Chunk             |     1 |    16 |     7 ||    24
       Ration            |     1 |       |     4 ||     5
Armor: Skin              |    34 |    86 |   121 ||   241
Dodge: Dodged            |    76 |   146 |   322 ||   544
